 Dungeon Crawl Stone Soup version 0.30.1-3-gfc49f6343a (webtiles) character file.

Game seed: 6151734501461986191

6038 ZoeForever1 the Grappler (level 10, -5/78 HPs)
             Began as a Pale Draconian Transmuter on July 22, 2023.
             Was a Follower of Qazlal.
             Killed by an exploding butterfly (9 damage)
             ... ignited by their inner flame
             ... on level 1 of the Abyss.
             The game lasted 00:14:13 (8026 turns).

ZoeForever1 the Grappler (DrTm)                     Turns: 8026, Time: 00:14:14

Health: -5/78      AC: 11    Str: 16    XL:     10   Next: 56%
Magic:  19/19      EV: 19    Int: 15    God:    Qazlal [*.....]
Gold:   315        SH:  2    Dex: 11    Spells: 11/21 levels left

rFire   . .          .
                       - Unarmed
rCold   . . .        (no shield)
rNeg    . . .        (body armour unavailable)
rPois   .            (helmet restricted)
rElec   .            (no cloak)
rCorr   .            (no gloves)
SInv    .            (no boots)
Will    .....        (no amulet)
Stlth   +            c - +4 ring of protection
HPRegen 0.33/turn    C - +5 ring of evasion
MPRegen 0.16/turn

%: no passive effects
@: no status effects
A: breathe steam, AC +7, unfitting armour, cold-blooded, steam resistance
a: Breathe Steam, Renounce Religion


You were on level 1 of the Abyss.
You worshipped Qazlal.
Qazlal was aware of your devotion.
You visited 2 branches of the dungeon, and saw 10 of its levels.
You visited the Abyss 1 time.

You collected 411 gold pieces.
You spent 96 gold pieces at shops.

Inventory:

Jewellery
 a - an amulet of regeneration
 c - a +4 ring of protection (left hand)
 d - a ring of protection from cold
 n - a ring of wizardry
 x - a ring of protection from fire
 y - a ring of ice
 C - a +5 ring of evasion (right hand)
Wands
 r - a wand of flame (24)
 u - a wand of charming (9)
 v - a wand of roots (3)
 H - a wand of polymorph (3)
Scrolls
 e - a scroll of enchant weapon
 h - 3 scrolls of amnesia
 i - a scroll of torment
 m - a scroll of magic mapping
 p - a scroll of poison
 t - 2 scrolls of fog
 B - a scroll of silence {unknown}
 D - a scroll of enchant armour
 E - a scroll of teleportation {unknown}
Potions
 b - 3 potions of resistance
 f - a potion of attraction
 j - 2 potions of cancellation {unknown}
 k - 2 potions of mutation
 o - 2 potions of heal wounds {unknown}
 q - 6 potions of flight {unknown}
 s - 2 potions of might {unknown}
 z - a potion of brilliance {unknown}
 A - 3 potions of invisibility {unknown}
 G - a potion of haste {unknown}


   Skills:
 + Level 3.7 Fighting
 + Level 6.1 Dodging
 + Level 0.1 Shields
 + Level 10.2 Unarmed Combat
 + Level 6.2 Spellcasting
 * Level 8.4 Transmutations
 + Level 0.3 Evocations


You had 11 spell levels left.
You knew the following spells:

 Your Spells              Type           Power      Damage    Failure   Level
a - Beastly Appendage     Tmut           60%        N/A       1%          1
b - Wereblood             Tmut           30%        N/A       1%          2
c - Spider Form           Tmut/Pois      17%        N/A       8%          3
d - Ice Form              Ice/Tmut       17%        N/A       26%         4

Your spell library contained the following spells:

 Spells                   Type           Power      Damage    Failure   Level
 Hailstorm                Conj/Ice       4%         3d4       41%         3
 Summon Guardian Golem    Hex/Summ       4%         N/A       41%         3
 Alistair's Intoxication  Tmut/Pois      11%        N/A       56%         5
 Eringya's Noxious Bog    Tmut/Pois      8%         N/A       98%         6
 Borgnjor's Vile Clutch   Necr/Erth      2%         N/A       99%         5
 Summon Forest            Summ/Tloc      2%         N/A       99%         5
 Simulacrum               Ice/Necr       2%         N/A       100%        6
 Orb of Destruction       Conj           2%         9d5       100%        7
 Spellforged Servitor     Conj/Summ      2%         N/A       100%        7
 Summon Hydra             Summ           2%         N/A       100%        7


Dungeon Overview and Level Annotations

Branches:
Dungeon (9/15)             Temple (1/1) D:7
   Lair: D:8-11         Orc: D:9-12

Altars:
Ashenzari
Cheibriados
Fedhas
Gozag
Kikubaaqudgha
Okawaru
Qazlal
Ru
Sif Muna
Uskayaw
Vehumet
Wu Jian
Xom
Zin
The Shining One
Jiyva

Shops:
D:5 !

Annotations:
D:9 Erolcha


Innate Abilities, Weirdness & Mutations

You can breathe blasts of scalding, opaque steam.
Your pale cyan-grey scales are hard. (AC +7)
You cannot fit into any form of body armour.
You are cold-blooded and may be slowed by cold attacks.
You are immune to the effects of steam.


Message History

Look: a small abomination
As you read the scroll of butterflies, it crumbles to dust.
You hear the flapping of tiny wings.
The small abomination is knocked back by the sudden gust.
Unknown command.
You swap places.
The small abomination hits your butterfly.
Your butterfly dies!
Your butterfly disappears in a burst of colours!
Unknown command.
You swap places.
Your butterfly is engulfed in blazing flames.
You kill your butterfly!
Your butterfly disappears in a burst of colours!
The small abomination barely misses your butterfly.
Your butterfly is engulfed in blazing flames.
You kill your butterfly!
Your butterfly disappears in a burst of colours!
You swap places.
The small abomination is engulfed in blazing flames.
The small abomination completely misses you.
Unknown command.
You swap places.
The small abomination is engulfed in blazing flames.
The small abomination hits your butterfly!
Your butterfly dies!
Your butterfly disappears in a burst of colours!
The small abomination is engulfed in blazing flames.
Unknown command.
The small abomination misses your butterfly.
Read: scroll of immolation
Press: ? - help, Q - select action, (/) - cycle Dir - look around, f - activate Look: a small abomination (heavily damaged, ally target, susceptible)
As you read the scroll of immolation, it crumbles to dust.
The creatures around you are filled with an inner flame!
The small abomination hits your butterfly!
Your butterfly disappears in a burst of colours!
Your butterfly explodes!
The fiery explosion engulfs you!
You die... # ##b##b # bb.b# ##. bb# ####b# #@§x.# ######

You could see a small abomination (inner flame, ally target).

Vanquished Creatures
  Maggie (D:6)
  A hornet (D:7)
  9 yaks
  Sigmund (D:5)
  2 steam dragons
  Menkaure (D:6)
  A water moccasin (D:6)
  2 ogres (D:5)
  3 ice beasts
  2 sky beasts
  2 centaurs
  2 phantoms
  A kobold brigand (D:8)
  3 bullfrogs
  3 gnoll sergeants
  3 scorpions
  18 wights
  3 howler monkeys
  2 hounds
  4 jellies (D:8)
  A gnoll bouda (D:8)
  An orc priest (D:4)
  Crazy Yiuf (D:4)
  4 iguanas
  2 sleepcaps
  8 orc wizards
  21 gnolls
  13 adders
  2 shadow imps
  A white imp (D:7)
  An ufetubus (D:5)
  A worm (D:3)
  23 orcs
  4 endoplasms
  3 giant cockroaches
  7 goblins
  9 hobgoblins
  8 jackals
  8 kobolds
  3 quokkas
  5 ball pythons
  5 bats
  7 frilled lizards
  7 rats
209 creatures vanquished.

Notes
Turn   | Place    | Note
-------+----------+-------------------------------------------
     0 | D:1      | ZoeForever1 the Draconian Transmuter began the quest for
                  | the Orb.
     0 | D:1      | Reached XP level 1. HP: 16/16 MP: 3/3
   157 | D:1      | Reached XP level 2. HP: 17/23 MP: 3/5
   862 | D:2      | Reached XP level 3. HP: 28/28 MP: 4/6
  1178 | D:2      | Reached XP level 4. HP: 35/35 MP: 5/7
  1257 | D:2      | Noticed a great orb of eyes
  1260 | D:2      | Found a faded altar of an unknown god.
  1264 | D:2      | Noticed a golden eye
  1266 | D:2      | Noticed an eye of devastation
  1266 | D:2      | Noticed a golden eye
  1614 | D:3      | Noticed a phantom
  1624 | D:3      | Killed a phantom
  1625 | D:3      | Reached skill level 4 in Unarmed Combat
  1625 | D:3      | Reached XP level 5. HP: 29/40 MP: 7/9
  2046 | D:3      | Identified the +1 leather armour of the Wumpus {*Corrode
                  | rElec rN+ Dex+4}
  2640 | D:4      | Reached XP level 6. HP: 39/47 MP: 8/10
  2964 | D:4      | Found a runed translucent door.
  2965 | D:4      | Noticed Crazy Yiuf
  3098 | D:4      | Reached skill level 5 in Unarmed Combat
  3319 | D:4      | Killed Crazy Yiuf
  3360 | D:5      | Entered Level 5 of the Dungeon
  3393 | D:5      | Your scales start taking on a pale cyan-grey colour.
  3393 | D:5      | Reached XP level 7. HP: 7/53 MP: 12/12
  3393 | D:5      | Gained mutation: You are immune to the effects of steam.
                  | [Pale Draconian growth]
  3576 | D:5      | Found Toetyh's Distillery.
  3583 | D:5      | Bought a potion of mutation for 96 gold pieces
  3680 | D:5      | Reached skill level 5 in Transmutations
  3837 | D:5      | Noticed a steam dragon
  3852 | D:5      | Killed a steam dragon
  3896 | D:5      | Reached skill level 6 in Unarmed Combat
  4089 | D:5      | Learned a level 2 spell: Wereblood
  4093 | D:5      | Learned a level 3 spell: Spider Form
  4098 | D:5      | Learned a level 4 spell: Ice Form
  4139 | D:5      | Reached XP level 8. HP: 61/61 MP: 14/14
  4254 | D:5      | Noticed Sigmund
  4258 | D:5      | Killed Sigmund
  4454 | D:5      | Found a sacrificial altar of Ru.
  4647 | D:6      | Reached skill level 7 in Unarmed Combat
  4810 | D:6      | Found a glowing golden altar of the Shining One.
  4912 | D:6      | Noticed Maggie
  4935 | D:6      | Killed Maggie
  4936 | D:6      | Reached skill level 5 in Spellcasting
  4936 | D:6      | Reached XP level 9. HP: 6/68 MP: 16/16
  5245 | D:6      | Found an iron altar of Okawaru.
  5255 | D:6      | Noticed Menkaure
  5279 | D:6      | Killed Menkaure
  5280 | D:6      | Reached skill level 8 in Unarmed Combat
  5500 | D:7      | Reached skill level 5 in Dodging
  5899 | D:7      | Reached skill level 9 in Unarmed Combat
  6180 | D:7      | Found a staircase to the Ecumenical Temple.
  6439 | Temple   | Entered the Ecumenical Temple
  6448 | Temple   | Became a worshipper of Qazlal Stormbringer
  6566 | D:8      | Reached XP level 10. HP: 77/77 MP: 16/18
  7246 | D:8      | Reached * piety under Qazlal
  7421 | D:8      | Found a viscous altar of Jiyva.
  7503 | D:9      | Noticed Erolcha
  7511 | D:9      | Reached skill level 10 in Unarmed Combat
  7936 | Abyss:1  | Cast into level 1 of the Abyss (Erolcha)
  8017 | Abyss:1  | HP: 1/78 [small abomination (17)]
  8026 | Abyss:1  | Killed by an exploding butterfly... ignited by their inner
                  | flame

Illustrated notes

Levels and vault maps discovered:
D:1:      ldierk_walled_garden, layout_basic, minmay_lizard_pond
D:2:      layout_basic, hellmonk_ecumenical_altar_watching_god
D:3:      layout_loops_corners
D:4:      layout_cave_pools, serial_bayou_lagoon_a, uniq_crazy_yiuf_cottage
D:5:      layout_basic, kennysheep_mini, serial_shops, shop, uniq_sigmund
D:6:      layout_gridville, kennysheep_okawaru_gauntlet,
          nicolae_tso_carved_into_rock, uniq_menkaure, uniq_maggie
D:7:      layout_rooms, minmay_temple_entry_overgrown,
          minmay_fractal_squares_diagonal_5
D:8:      layout_rooms, grunt_ministairs_4, chequers_serial_rivers_micro_e,
          jiyva_altar_1
D:9:      layout_basic, nicolae_overflow_quartered_altars,
          mainiacjoe_overflow_alcove_4, serial_glass, glass_columns_a,
          glass_columns_a, enter_bailey_7, uniq_joseph, uniq_harold,
          uniq_erolcha
Temple:   nicolae_temple_ecumenical_triangle
Abyss:1:  base: D:1, bh_abyss_xom_lugonu_altar, hangedman_abyss_monster_moat

Skill      XL: |  1  2  3  4  5  6  7  8  9 10 |
---------------+-------------------------------+-----
Transmutations | 3 4 5 6 7 8 |  8.4
Dodging        | 2 3 4 5 6 |  6.1
Unarmed Combat | 4 5 6 7 9 10 | 10.2
Spellcasting   | 3 4 5 6 |  6.2
Fighting       | 2 3 |  3.7
Shields        | |  0.1
Evocations     | |  0.3

Action                     |  1- 3 |  4- 6 |  7- 9 | 10-12 || total
---------------------------+-------+-------+-------+-------++-------
  Melee: Unarmed           |   117 |   176 |   286 |   146 ||   725
         Headbutt          |     9 |    19 |    40 |    12 ||    80
         Kick              |    19 |    43 |    73 |    24 ||   159
         Tailslap          |     9 |    16 |    37 |    22 ||    84
         Punch             |     3 |     6 |    12 |     6 ||    27
   Cast: Beastly Appendage |    24 |    29 |    34 |    10 ||    97
Ability: Breathe Steam     |       |       |    21 |     9 ||    30
  Evoke: Wand              |       |       |     2 |    10 ||    12
    Use: Potion            |       |     2 |     4 |       ||     6
         Scroll            |       |       |     9 |     6 ||    15
 Armour: Skin              |    39 |    65 |    70 |    36 ||   210
  Dodge: Dodged            |    86 |    75 |   183 |   120 ||   464
  Block: Other             |       |       |       |     8 ||     8
